Map: Catalyst LE

Players

Must - Winner!

  • Race: Zerg Zerg
  • Spawn Location: 5:00

VOD

Have the link to the VOD?

Description

Time

  • Played on: July 19, 2018, 3:45 p.m.
  • Length: 16:08
Show
View Real Time Build Order
Export as new Build Order

Must Zerg - Winner!

Build Orders:  

Get SALT Encoding   

  12  0:01  Drone  
  13  0:26  Overlord  
  13  0:31  Drone  
  14  1:01  Hatchery  
  14  1:04  Drone  
  14  1:15  Drone x2  
  16  1:28  Drone  
  17  1:45  Spawning Pool  
  17  1:48  Drone  
  17  2:06  Drone x2  
  19  2:22  Overlord  
  19  2:40  Extractor  
  19  2:43  Extractor  
  19  2:47  Drone x2  
  19  2:55  Queen  
  19  2:57  Queen  
  23  3:00  Drone x2  
  23  3:06  Drone  
  26  3:20  Drone x2  
  28  3:30  Drone  
  28  3:34  Drone  
  30  3:42  Spine Crawler  
  29  3:51  Evolution Chamber  
  28  4:10  Evolution Chamber  
  28  4:13  Drone  
  28  4:14  Drone x2  
  28  4:18  Lair  
  30  4:29  Overlord  
  30  4:31  Drone  
  30  4:37  Drone  
  32  4:40  Drone  
  32  4:46  Drone  
  32  4:48  Drone  
  35  4:56  Drone  
  35  4:57  Drone  
  37  5:02  Drone  
  38  5:19  Spire  
  37  5:24  Drone  
  37  5:25  Drone x3  
  41  5:31  Extractor  
  41  5:34  Extractor, Drone x2  
  41  5:39  Drone x2  
  43  5:52  Spine Crawler  
  43  5:57  Overlord  
  43  5:58  Drone x2  
  44  6:55  Drone x3  
  44  6:58  Overlord  
  44  6:59  Mutalisk x2  
  51  7:03  Drone  
  52  7:21  Roach Warren  
  52  7:24  Mutalisk x3  
  52  7:25  Mutalisk  
  59  7:40  Overlord  
  59  7:57  Overlord  
  59  8:01  Overlord  
  59  8:13  Mutalisk x4  
  59  8:18  Overlord  
  59  8:19  Overlord  
  67  8:25  Mutalisk x4  
  75  8:38  Mutalisk  
  77  9:01  Overlord  
  77  9:03  Hatchery  
  77  9:05  Mutalisk x2  
  80  9:12  Zergling x12  
  80  9:13  Zergling x4  
  88  9:32  Queen x2  
  88  9:34  Overlord  
  92  9:55  Mutalisk x3  
  98  10:08  Metabolic Boost  
  94  10:33  Zergling x2  
  94  10:34  Zergling x14  
  94  10:37  Mutalisk  
  104  11:04  Mutalisk  
  104  11:05  Mutalisk x2  
  104  11:07  Overlord  
  110  11:27  Mutalisk x3  
  114  11:33  Queen  
  116  11:53  Zerg Ground Armor Level 1  
  116  12:05  Drone x5  
  116  12:07  Overlord  
  121  12:37  Unknown  
  99  12:54  Roach x4  
  99  12:55  Roach x6  
  115  13:08  Mutalisk  
  117  13:30  Drone x10  
  117  13:31  Drone x2  
  129  14:05  Overlord x3  
  129  14:14  Roach x2  
  129  14:34  Roach x10  
  149  14:52  Roach x2  
  154  15:30  Overlord  
  154  15:31  Overlord x3  
  154  15:49  Extractor  
  153  15:53  Extractor  
Tags
 
Add a new tag
Caveats
  • Supply blocks, unpowered buildings, or Contaminate may cause inaccurate times.
  • Supply counts are checked every 10 seconds.